 Dungeon Crawl Stone Soup version 0.29.1-12-g30fa7ad0bf (webtiles) character file.

Game seed: 14551403992104940157

6330 booth the Grappler (level 10, -4/91 HPs)
             Began as a Troll Gladiator on Jan 6, 2023.
             Was an Initiate of Ru.
             Killed from afar by Lodul (30 damage)
             ... with a bolt of lightning
             ... on level 10 of the Dungeon.
             The game lasted 01:22:07 (9204 turns).

booth the Grappler (Troll Gladiator)                Turns: 9204, Time: 01:22:08

Health: -4/91      AC: 10    Str: 25    XL:     10   Next: 64%
Magic:  9/9        EV: 12    Int:  3    God:    Ru [......]
Gold:   13         SH:  0    Dex: 21    Spells: 9/9 levels left

rFire   + . .      SeeInvis .     - Unarmed
rCold   . . .      Faith    .   (no shield)
rNeg    . . .      Spirit   .   N - +0 acid dragon scales
rPois   .          Reflect  .   m - +1 hat
rElec   .          Harm     .   (no cloak)
rCorr   +          Rampage  .   (gloves unavailable)
Will    .....                   (boots unavailable)
Stlth   ++........              (no amulet)
HPRegen 1.05/turn               l - ring of protection from fire
MPRegen 0.11/turn               f - +6 ring of dexterity

@: lethally poisoned (-4 -> -4)
A: large, unfitting armour, claws 3, regeneration 1, shaggy fur 2, tough skin 1,
weak 1, agile 1
a: Renounce Religion


You were on level 10 of the Dungeon.
You worshipped Ru.
Ru was noncommittal.
You visited 2 branches of the dungeon, and saw 11 of its levels.
You also visited: Ossuary.

You collected 453 gold pieces.
You spent 440 gold pieces at shops.

Inventory:

Hand Weapons
 b - a +1 vampiric flail
 d - a +0 mace of protection
Missiles
 c - 5 throwing nets (quivered)
 j - 5 boomerangs
 p - 4 curare-tipped darts
 r - 32 poisoned darts
 u - 35 stones
 v - an atropa-tipped dart
 C - a large rock
Armour
 m - a +1 hat (worn)
 K - an orb of light
 M - a +2 robe of willpower
 N - +0 acid dragon scales (worn)
Jewellery
 f - a +6 ring of dexterity (right claw)
 k - a ring of ice
 l - a ring of protection from fire (left claw)
 G - a ring of resist corrosion
 H - a ring of magical power
Wands
 o - a wand of digging (5)
 q - a wand of polymorph (10)
 s - a wand of charming (19)
 A - a wand of flame (55)
Scrolls
 t - a scroll of poison {unknown}
 x - a scroll of silence
 y - 9 scrolls of teleportation
 E - 3 scrolls of magic mapping
 F - 3 scrolls of amnesia
Potions
 e - 3 potions of lignification
 g - 7 potions of heal wounds
 h - 2 potions of berserk rage
 i - 7 potions of curing
 n - 3 potions of attraction
 w - 2 potions of haste
 z - a potion of cancellation
 B - a potion of might
 D - a potion of brilliance
 I - 2 potions of flight
 J - 2 potions of ambrosia {unknown}
 L - a potion of magic
Miscellaneous
 a - a phantom mirror


   Skills:
 + Level 3.5 Fighting
 * Level 4.1 Maces & Flails
 + Level 3.6 Throwing
 + Level 5.2 Dodging
 + Level 1.8 Stealth
 * Level 12.9 Unarmed Combat
 * Level 2.4 Evocations


You had 9 spell levels left.
You didn't know any spells.
Your spell library contained the following spells:

 Spells                   Type           Power      Damage    Failure   Level
 Dazzling Flash           Conj/Hex       0%         N/A       92%         3
 Airstrike                Air            0%         2d(0-16)  100%        4
 Iskenderun's Mystic Bla  Conj/Tloc      0%         2d3       100%        4
 Summon Lightning Spire   Summ/Air       0%         N/A       100%        4
 Agony                    Necr           0%         N/A       100%        5
 Lightning Bolt           Conj/Air       0%         1d11      100%        5
 Silence                  Hex/Air        0%         N/A       100%        5
 Starburst                Conj/Fire      0%         6d3       100%        6


Dungeon Overview and Level Annotations

Branches:
Dungeon (10/15)            Temple (1/1) D:7         Ossuary (visited)
   Lair: D:8-11         Orc: D:9-12

Altars:
Ashenzari
Cheibriados
Dithmenos
Elyvilon
Fedhas
Gozag
Hepliaklqana
Kikubaaqudgha
Makhleb
Nemelex Xobeh
Okawaru
Qazlal
Ru
Sif Muna
Trog
Uskayaw
Vehumet
Wu Jian
Xom
Yredelemnul
Zin
The Shining One

Shops:
D:3 (   D:5 *

Annotations:
D:10 3 runed translucent doors, KittyFluff's ghost, journeyman GrBe; Lodul


Innate Abilities, Weirdness & Mutations

You are too large for most types of armour.
You have claws for hands.
Your natural rate of healing is unusually fast.
You are covered in thick fur. (AC +2)
You have tough skin. (AC +1)
You are weak. (Str -2)
You are agile. (Dex +4, Str/Int -1)


Message History

Electricity crackles from Lodul's apparatus.
The bolt of lightning hits you!
You feel sick. The killer bee stings you.
You are more poisoned.
The killer bee poisons you!
You feel very sick.
You feel sick. The killer bee stings you.
You are more poisoned.
The killer bee poisons you!
The killer bee stings you but does no damage.
The killer bee attacks as you move away!
The killer bee stings you but does no damage.
You feel very sick. The killer bee stings you.
The killer bee barely misses you.
You feel sick. The killer bee stings you.
You are more poisoned.
The killer bee poisons you! The killer bee barely misses you.
You feel very sick. The killer bee closely misses you.
The killer bee stings you! The killer bee closely misses you.
You feel very sick. The killer bee closely misses you.
You feel sick. The killer bee closely misses you.
You mangle the killer bee!!
You kill the killer bee!
You feel sick. The killer bee barely misses you.
You scratch the killer bee.
The killer bee is lightly wounded.
You feel sick. The killer bee stings you.
* * * LOW HITPOINT WARNING * * *
The killer bee closely misses you.
You barely miss the killer bee.
The killer bee is lightly wounded.
You feel sick. The killer bee barely misses you.
You closely miss the killer bee.
The killer bee is lightly wounded.
The killer bee closely misses you.
Electricity crackles from Lodul's apparatus.
The bolt of lightning hits you!!
You die...

#.........#..8.8..
#####....###.$[(.##
####.##.......#
#.###.....##
#.##..W....#
#.####+++#### . #.#
#.....#.#####.O
#.###O.O..#O.....$.
#.@yyyO.O.......#.#
###############.# #
#... ###.. ##


You could see Lodul, 3 ogres and 3 killer bees.

Vanquished Creatures
  Nergalle (D:10)
  A kobold demonologist (D:9)
  Grinder (D:5)
  A shadow (D:10)
  3 yaks (D:10)
  Grum (D:8)
  4 vampire mosquitoes (D:9)
  An acid dragon (D:10)
  2 water moccasins
  Duvessa (D:6)
  An orc warrior (D:9)
  4 sky beasts
  4 black bears
  2 ogres
  2 wolves (D:8)
  5 centaurs
  A phantom (D:5)
  4 bullfrogs
  A necrophage (D:7)
  A gnoll sergeant (D:9)
  A scorpion (D:5)
  5 wights
  Dowan (D:6)
  4 killer bees
  2 howler monkeys
  3 lava snakes (D:7)
  A human zombie (Ossuary)
  5 hounds
  2 jellies
  A quasit (D:8)
  2 orc priests
  6 iguanas
  5 orc wizards
  3 mummies (Ossuary)
  Robin (D:4)
  7 gnolls
  8 adders
  An ufetubus (D:7)
  5 adder zombies (Ossuary)
  2 worms (D:3)
  23 orcs
  11 ball pythons
  4 bats
  8 endoplasms
  2 giant cockroaches
  13 goblins
  9 hobgoblins
  2 jackals (D:4)
  13 kobolds
  8 quokkas
  4 frilled lizards
  4 goblin zombies (Ossuary)
  4 hobgoblin zombies (Ossuary)
  A kobold zombie (Ossuary)
  A quokka zombie (Ossuary)
  6 rats
  2 rat zombies (Ossuary)
221 creatures vanquished.

Notes
Turn   | Place    | Note
-------+----------+-------------------------------------------
     0 | D:1      | booth the Troll Gladiator began the quest for the Orb.
     0 | D:1      | Reached XP level 1. HP: 19/19 MP: 0/0
   168 | D:1      | Found a faded altar of an unknown god.
   172 | D:1      | Reached XP level 2. HP: 25/27 MP: 1/1
   967 | D:2      | Reached XP level 3. HP: 35/35 MP: 2/2
  1037 | D:2      | Reached skill level 4 in Unarmed Combat
  1193 | D:2      | Reached XP level 4. HP: 42/42 MP: 3/3
  1529 | D:3      | Found Kirphiyscho's Antique Weapon Shoppe.
  1584 | D:3      | Reached skill level 5 in Unarmed Combat
  1584 | D:3      | Reached XP level 5. HP: 47/49 MP: 4/4
  2189 | D:4      | Noticed a black bear
  2217 | D:4      | Found a glowing golden altar of the Shining One.
  2253 | D:4      | Reached XP level 6. HP: 40/57 MP: 5/5
  2307 | D:4      | Reached skill level 6 in Unarmed Combat
  2647 | D:4      | Noticed Robin
  2661 | D:4      | Killed Robin
  2716 | D:4      | Reached XP level 7. HP: 66/66 MP: 6/6
  2875 | D:4      | Reached skill level 7 in Unarmed Combat
  3024 | D:5      | Entered Level 5 of the Dungeon
  3029 | D:4      | Gained mutation: You are weak. (Str -2) [potion of
                  | mutation]
  3029 | D:4      | Lost mutation: You are weak. (Str -2) [potion of mutation]
  3029 | D:4      | Gained mutation: You are covered in thick fur. (AC +2)
                  | [potion of mutation]
  3029 | D:4      | Gained mutation: You are agile. (Dex +4, Str/Int -1)
                  | [potion of mutation]
  3270 | D:5      | Found Ejeotefo's Gadget Gallery.
  3453 | D:5      | Reached skill level 8 in Unarmed Combat
  3469 | D:5      | Reached XP level 8. HP: 29/74 MP: 7/7
  3638 | D:5      | Noticed Grinder
  3642 | D:5      | Paralysed by Grinder for 4 turns
  3651 | D:5      | Killed Grinder
  4108 | D:6      | Reached skill level 1 in Stealth
  4108 | D:6      | Reached skill level 9 in Unarmed Combat
  4195 | D:6      | Noticed Dowan
  4215 | D:6      | Noticed Duvessa
  4226 | D:6      | Killed Duvessa
  4234 | D:6      | Killed Dowan
  4318 | D:6      | Reached skill level 1 in Maces & Flails
  4518 | D:6      | Identified the +2 scale mail of Fashionability {rF+ Will+}
  4988 | D:7      | Reached XP level 9. HP: 76/81 MP: 8/8
  5265 | D:7      | Reached skill level 10 in Unarmed Combat
  5910 | D:7      | Found a staircase to the Ecumenical Temple.
  5932 | Temple   | Entered the Ecumenical Temple
  6052 | Temple   | Became a worshipper of Ru the Awakened
  6616 | D:8      | Noticed Grum
  6672 | D:8      | Killed Grum
  6691 | D:8      | Found a sand-covered staircase.
  6704 | Ossuary  | Entered an ossuary
  6909 | D:8      | Reached skill level 5 in Dodging
  6909 | D:8      | Reached skill level 11 in Unarmed Combat
  6922 | D:8      | Identified the +3 leather armour "Xeotow" {Int+2}
  7080 | D:8      | Reached skill level 1 in Evocations
  7132 | D:8      | Found a shimmering blue altar of Sif Muna.
  7138 | D:8      | Gained mutation: You are weak. (Str -2) [Ru sacrifice]
  7487 | D:9      | Reached XP level 10. HP: 52/91 MP: 9/9
  7672 | D:9      | Found an ancient bone altar of Kikubaaqudgha.
  7979 | D:9      | Reached skill level 12 in Unarmed Combat
  8536 | D:10     | Entered Level 10 of the Dungeon
  8626 | D:10     | Found a white marble altar of Elyvilon.
  8653 | D:10     | Noticed Nergalle
  8667 | D:10     | Killed Nergalle
  8892 | D:5      | Bought a phantom mirror for 440 gold pieces
  9169 | D:10     | Found a runed translucent gate.
  9169 | D:10     | Found a runed translucent gate.
  9170 | D:10     | Found a runed translucent gate.
  9172 | D:10     | Noticed KittyFluff's ghost (journeyman GrBe)
  9185 | D:10     | Noticed Lodul
  9204 | D:10     | Killed from afar by Lodul

Illustrated notes

Levels and vault maps discovered:
D:1:      nicolae_arrival_memento_mori, layout_basic,
          dreamdust_ecumenical_altar_statues, amcnicky_mini_corridor_feature
D:2:      layout_rooms
D:3:      layout_rooms, serial_shops, nicolae_shop_competitors_out_of_business
D:4:      layout_basic, tso_oasis_becter, uniq_robin
D:5:      layout_basic, nicolae_shop_gadgets, uniq_grinder
D:6:      layout_basic, minivault_5, uniq_duvessa
D:7:      layout_layer_cave, minmay_temple_entry_junction_2,
          kennysheep_cluttered_room
D:8:      layout_rooms, marbit_many_paths, nicolae_ossuary_entry_monument,
          serial_demonic, serial_demonic_e, serial_demonic_c, serial_demonic_g,
          serial_demonic_c, corexii_corridor_pit, uniq_grum
D:9:      layout_irregular_city, nicolae_kikubaaqudgha_miasma_corner
D:10:     layout_loops_ring, lemuel_doored_altar, serial_glass, glass_columns_a,
          glass_columns_b, item_on_display_a, gammafunk_ghost_spectres,
          uniq_maggie, uniq_lodul, uniq_nergalle
Temple:   regret_index_temple_mists

Skill      XL: |  1  2  3  4  5  6  7  8  9 10 |
---------------+-------------------------------+-----
Unarmed Combat | 4 5 6 8 9 11 12 | 12.9
Dodging        | 3 4 5 |  5.2
Fighting       | 2 3 |  3.5
Throwing       | 2 3 |  3.6
Stealth        | 1 |  1.8
Maces & Flails | 1 3 4 |  4.1
Evocations     | 1 2 |  2.4

Action                   |  1- 3 |  4- 6 |  7- 9 | 10-12 || total
-------------------------+-------+-------+-------+-------++-------
Melee: Unarmed           |    93 |   158 |   273 |    93 ||   617
       Punch             |     2 |     4 |    22 |     5 ||    33
Throw: Large rock        |     1 |     2 |     6 |       ||     9
       Boomerang         |       |     1 |     2 |     1 ||     4
       Dart              |       |       |    10 |     2 ||    12
       Throwing net      |       |       |     1 |       ||     1
Invok: Sacrifice Purity  |       |       |     1 |       ||     1
Evoke: Wand              |       |       |       |     2 ||     2
  Use: Scroll            |     3 |     4 |     8 |     1 ||    16
       Potion            |       |     2 |     8 |       ||    10
 Stab: Sleeping          |       |       |     2 |       ||     2
       Distracted        |       |       |     1 |       ||     1
Armor: Robe              |    23 |    39 |       |       ||    62
       Animal skin       |       |     2 |    69 |    20 ||    91
       Acid dragon scale |       |       |       |     5 ||     5
Dodge: Dodged            |    45 |    46 |    97 |    74 ||   262
